 Dungeon Crawl Stone Soup version 0.31-a0-303-gdc8c9485ea (webtiles) character file.

Game seed: 5064305994058330772

71 cforsyth the Changeling (level 4, -4/57 HPs)
             Began as a Meteoran Shapeshifter on July 16, 2023.
             Slain by an ogre
             ... wielding a +0 giant club
              (17 damage)
             ... on level 3 of the Dungeon.
             The game lasted 00:04:04 (965 turns).

cforsyth the Changeling (Meteoran Shapeshifter)      Turns: 965, Time: 00:04:05

Health: -4/57      AC: 22    Str: 24    XL:     4   Next: 75%
Magic:  5/5        EV:  2    Int: 10    God:
Gold:   133        SH:  0    Dex: 14    Spells: 3/3 levels left

rFire   . .          .
                       - Unarmed
rCold   . . .        (no shield)
rNeg    . . .        d - melded +0 chain mail
rPois   +            (helmet currently unavailable)
rElec   .            (cloak currently unavailable)
rCorr   .            (gloves currently unavailable)
SInv    .            (boots currently unavailable)
Will    .....        (no amulet)
Stlth   +            n - +6 ring of strength
HPRegen 0.29/turn    (no ring)
MPRegen 0.09/turn

%: no passive effects
@: tree-form, glowing
A: stationary, stasis, torment immunity, boosted hp, sense surroundings 1,
otherworldly, glowing, explore regen
a: no special abilities


You were on level 3 of the Dungeon.
You were a tree.
You visited 1 branch of the dungeon, and saw 3 of its levels.

You collected 133 gold pieces.

Inventory:

Armour
 a - a +0 animal skin
 d - a +0 chain mail (melded)
 g - a +0 helmet
Jewellery
 m - the amulet of the Enemy {Faith -Tele rElec rC- rN+++}
   (You found it on level 2 of the Dungeon)

   [amulet of faith]

   It allows you to gain divine favour quickly.
   rC:        It makes you vulnerable to cold.
   rElec:     It insulates you from electricity.
   rN:        It renders you almost immune to negative energy.
   -Tele:     It prevents most forms of teleportation.
 n - a +6 ring of strength (left branch)
Talismans
 c - a beast talisman
Scrolls
 f - a scroll of amnesia {unknown}
 h - a scroll of teleportation {unknown}
 i - a scroll of noise {unknown}
Potions
 e - 2 potions of attraction {unknown}
 j - 2 potions of curing {unknown}
 k - a potion of brilliance {unknown}
 l - a potion of mutation {unknown}


   Skills:
 + Level 3.0 Fighting
 + Level 3.3 Dodging
 + Level 3.3 Unarmed Combat
 + Level 4.1 Shapeshifting


You had 3 spell levels left.
You didn't know any spells.
Your spell library contained the following spells:

 Spells                   Type           Power      Damage    Failure   Level
 Iskenderun's Battlesphe  Conj           0%         2d6       100%        5
 Leda's Unmaking          Conj/Erth      0%         9d1       100%        6
 Spellforged Servitor     Conj/Summ      0%         N/A       100%        7


Dungeon Overview and Level Annotations

Branches:
Dungeon (3/15) Zot: 840

Altars:


Innate Abilities, Weirdness & Mutations

You are a tree.
Your roots penetrate the ground, keeping you stationary.
You cannot be teleported.
You are immune to unholy pain and torment.
Your maximum health is greatly increased.
Your equipment is partially melded.
You passively map a small area around you.
You are easily found by Zot.
You glow in the dark.
You regain HP and MP as you explore.


Message History

You hit the jackal.
The jackal is severely wounded.
The jackal bites you but does no damage.
The jackal bites you.
You are too injured to fight recklessly!
You are too injured to fight recklessly!
You are too injured to fight recklessly!
You are too injured to fight recklessly!
You are too injured to fight recklessly!
You are too injured to fight recklessly!
You are too injured to fight recklessly!
You are too injured to fight recklessly!
You are too injured to fight recklessly!
Really quaff the potion of lignification?
Your transformation has ended.
You turn into a tree.
Your +0 chain mail melds into your body.
Your roots penetrate the ground.
The jackal bites you but does no damage.
You hit the jackal.
You kill the jackal!
You smack the quokka!
You kill the quokka!
You barely miss the ogre. The ogre hits you but does no damage.
You hit the ogre.
The ogre is lightly wounded.
You smack the ogre!
The ogre is moderately wounded.
The ogre hits you with a +0 giant club!
* * * LOW HITPOINT WARNING * * *
You hit the ogre.
The ogre is heavily wounded.
You closely miss the ogre.
The ogre is heavily wounded.
The ogre hits you with a +0 giant club.
* * * LOW HITPOINT WARNING * * *
You hit the ogre.
The ogre is heavily wounded.
The ogre hits you with a +0 giant club!
You die...

* ############### ,,#####
#.............◑ .....
#...#.......# *,...
#...(.......######.# *
,#..............<.# *
##.####.#........#* #.
#..♣)#...........#,
#◑#####O#..†........#
*..# #gg...........#
*#.## ##..............
####..# ###†.........#..
#.....#####.............#
##.........h.......... ,
###......grhg##.........
........g.#####........ ,


You could see an ogre and 2 gnolls.

Vanquished Creatures
  2 gnolls (D:3)
  2 adders
  4 endoplasms
  4 giant cockroaches
  2 hobgoblins (D:1)
  7 jackals
  A quokka (D:3)
  A ball python (D:1)
  2 bats (D:1)
  3 kobolds
  4 rats
32 creatures vanquished.

Notes
Turn   | Place    | Note
-------+----------+-------------------------------------------
     0 | D:1      | cforsyth the Meteoran Shapeshifter began the quest for the
                  | Orb.
     0 | D:1      | Reached XP level 1. HP: 17/17 MP: 2/2
   309 | D:1      | Reached XP level 2. HP: 25/25 MP: 3/3
   782 | D:2      | Reached XP level 3. HP: 30/30 MP: 4/4
   812 | D:2      | Reached skill level 4 in Shapeshifting
   827 | D:2      | Identified the amulet of the Enemy {Faith -Tele rElec rC-
                  | rN+++}
   908 | D:3      | Reached XP level 4. HP: 37/37 MP: 5/5
   920 | D:3      | Noticed an ogre
   965 | D:3      | Slain by an ogre

Illustrated notes

Levels and vault maps discovered:
D:1:      dpeg_arrival_radiant, layout_basic, basic_ecumenical_altar,
          serial_park_tiny_2
D:2:      layout_basic
D:3:      layout_rooms, guppyfry_early_lair_pool

Skill      XL: |  1  2  3  4 |
---------------+-------------+-----
Dodging        | 3 |  3.3
Unarmed Combat | 3 |  3.3
Shapeshifting  | 4 |  4.1
Fighting       | 3 |  3.0

Action                     |  1- 3 |  4- 6 || total
---------------------------+-------+-------++-------
  Melee: Unarmed           |    60 |    31 ||    91
    Use: Potion            |       |     1 ||     1
 Armour: Chain mail        |    27 |    20 ||    47
         Skin              |       |     2 ||     2
  Dodge: Dodged            |    16 |    10 ||    26

Table legend: (Time is in decaauts)
 A = Elapsed time spent in this place.
 B = Non-inter-level travel time spent in this place.
 C = Inter-level travel time spent in this place.
 D = Time resting spent in this place.
 E = Time spent auto-exploring this place.
 F = Levels seen in this place.
 G = Mean time per level.
                   A        B        C        D        E       F      G
               +--------+--------+--------+--------+--------+-----+--------+
         Total |    958 |    949 |      9 |      0 |      0 |   3 |  319.3 |
       Dungeon |    958 |    949 |      9 |      0 |      0 |   3 |  319.3 |
               +--------+--------+--------+--------+--------+-----+--------+

Top non-repeatable levels by time:
     D:1: 557 daAuts
     D:2: 316 daAuts
     D:3: 85 daAuts
